3AAA
SALT LAKE CITY BUZZ @ BLOOMINGTON LONGNECKS
07/27/2026
 
TOP OF THE 1ST
Salt Lake City Buzz batting - Pitching for Bloomington Longnecks : RHP Fernando Ramírez
Pitching: RHP Fernando Ramírez
Batting: LHB Roberto Soto 0-0: Fly out, F5 (Popup, 56)
Batting: SHB Wayne Saunders 0-0: Ball
1-0: SINGLE (Line Drive, 9LS)
Batting: RHB Justin MacPherson 0-0: Ball
1-0: Swinging Strike
1-1: Foul Ball, location: 2F
1-2: SINGLE (Groundball, 56) (infield hit)
Wayne Saunders to second
Batting: RHB Jung-hwan Kwon 0-0: Foul Ball, location: 2F
0-1: Foul Ball, location: 2F
0-2: Foul Ball, location: 2F
0-2: Strikes out swinging
Batting: RHB Vicente Cruz 0-0: Called Strike
0-1: SINGLE (Groundball, 56D)
Wayne Saunders to third
Justin MacPherson to second
Runner from 3rd tries for Home, SAFE, no throw
Batting: SHB Carlton Reed 0-0: Called Strike
0-1: Foul Ball, location: 2F
0-2: Ball
1-2: Foul Ball, location: 2F
1-2: Foul Ball, location: 2F
1-2: Strikes out swinging
Top of the 1st over - 1 run(s), 3 hit(s), 0 error(s), 2 left on base; Salt Lake City 1 - Bloomington 0
BOTTOM OF THE 1ST
Bloomington Longnecks batting - Pitching for Salt Lake City Buzz : RHP Lorenzo López
Pitching: RHP Lorenzo López
Batting: LHB Gabriel Díaz 0-0: Swinging Strike
0-1: Called Strike
0-2: Strikes out swinging
Batting: RHB Bubba Blevins 0-0: Called Strike
0-1: Ball
1-1: Ball
2-1: Ball
3-1: Foul Ball, location: 2F
3-2: Foul Ball, location: 2F
3-2: Base on Balls
Batting: LHB José Ruíz 0-0: Ball
1-0: Called Strike
1-1: Foul Ball, location: 2F
1-2: Strikes out swinging
Batting: RHB Fernando Rivera 0-0: Fielders Choice at 2nd, 6-4 (Groundball, 56)
Bottom of the 1st over - 0 run(s), 0 hit(s), 0 error(s), 0 left on base; Salt Lake City 1 - Bloomington 0
TOP OF THE 2ND
Salt Lake City Buzz batting - Pitching for Bloomington Longnecks : RHP Fernando Ramírez
Batting: RHB Alan Rosales 0-0: Ground out 6-3 (Groundball, 56)
Batting: RHB Daryl Moran 0-0: Ball
1-0: Called Strike
1-1: SOLO HOME RUN (Flyball, 7D), Distance : 374 ft
Batting: RHB Adrian Rodgers 0-0: Ball
1-0: Ball
2-0: Ball
3-0: Called Strike
3-1: SOLO HOME RUN (Flyball, 7D), Distance : 369 ft
Batting: LHB Roberto Soto 0-0: Ball
1-0: Foul Ball, location: 2F
1-1: Foul Ball, location: 2F
1-2: SINGLE (Line Drive, 6MD)
Batting: SHB Wayne Saunders 0-0: Ball
Roberto Soto is caught stealing 2nd base
1-0: Ground out 4-3 (Groundball, 34)
Top of the 2nd over - 2 run(s), 3 hit(s), 0 error(s), 0 left on base; Salt Lake City 3 - Bloomington 0
BOTTOM OF THE 2ND
Bloomington Longnecks batting - Pitching for Salt Lake City Buzz : RHP Lorenzo López
Batting: LHB Adrián Gómez 0-0: Ball
1-0: Ball
2-0: Ball
3-0: Called Strike
3-1: Foul Ball, location: 2F
3-2: SINGLE (Line Drive, 6M)
Batting: RHB Raúl Robles 0-0: Ball
1-0: Called Strike
1-1: Ball
2-1: Swinging Strike
2-2: Strikes out looking
Batting: SHB Eugene Bentley 0-0: Foul Ball, location: 2F
0-1: Called Strike
0-2: Grounds into double play, 4-6-3 (Groundball, 4)
Bottom of the 2nd over - 0 run(s), 1 hit(s), 0 error(s), 0 left on base; Salt Lake City 3 - Bloomington 0
TOP OF THE 3RD
Salt Lake City Buzz batting - Pitching for Bloomington Longnecks : RHP Fernando Ramírez
Batting: RHB Justin MacPherson 0-0: Ball
1-0: DOUBLE (Line Drive, 3D)
Batting: RHB Jung-hwan Kwon 0-0: Called Strike
0-1: Called Strike
0-2: Hit by Pitch
Batting: RHB Vicente Cruz 0-0: Called Strike
0-1: Foul Ball, location: 2F
0-2: Ball
1-2: Strikes out swinging
Batting: SHB Carlton Reed 0-0: Foul Ball, location: 2F
0-1: Ball
1-1: Ball
2-1: SINGLE (Groundball, 6D)
Justin MacPherson to third
Jung-hwan Kwon to second
Runner from 3rd tries for Home, SAFE, no throw
Batting: RHB Alan Rosales 0-0: Swinging Strike
0-1: Ball
1-1: Fly out, F7 (Flyball, 7LD)
Runner from 2nd tags up, SAFE at 3rd, no throw
Batting: RHB Daryl Moran 0-0: Ball
1-0: Called Strike
1-1: Called Strike
1-2: Ball
2-2: Fly out, F9 (Flyball, 9S)
Top of the 3rd over - 1 run(s), 2 hit(s), 0 error(s), 2 left on base; Salt Lake City 4 - Bloomington 0
BOTTOM OF THE 3RD
Bloomington Longnecks batting - Pitching for Salt Lake City Buzz : RHP Lorenzo López
Batting: SHB Adrián Pueblo 0-0: Ball
1-0: Swinging Strike
1-1: Ball
2-1: Foul Ball, location: 2F
2-2: Strikes out swinging
Batting: RHB Sergio Cortéz 0-0: Called Strike
0-1: Ball
1-1: Foul Ball, location: 2F
1-2: Foul Ball, location: 2F
1-2: Strikes out looking
Batting: LHB Gabriel Díaz 0-0: Foul Ball, location: 2F
0-1: Ball
1-1: Ball
2-1: Called Strike
2-2: Foul Ball, location: 2F
2-2: Strikes out swinging
Bottom of the 3rd over - 0 run(s), 0 hit(s), 0 error(s), 0 left on base; Salt Lake City 4 - Bloomington 0
TOP OF THE 4TH
Salt Lake City Buzz batting - Pitching for Bloomington Longnecks : RHP Fernando Ramírez
Batting: RHB Adrian Rodgers 0-0: Called Strike
0-1: Foul Ball, location: 2F
0-2: Ball
1-2: Strikes out swinging
Batting: LHB Roberto Soto 0-0: Ball
1-0: Foul Ball, location: 2F
1-1: Swinging Strike
1-2: Strikes out swinging
Batting: SHB Wayne Saunders 0-0: Called Strike
0-1: Ball
1-1: Ball
2-1: Ground out 6-3 (Groundball, 6)
Top of the 4th over - 0 run(s), 0 hit(s), 0 error(s), 0 left on base; Salt Lake City 4 - Bloomington 0
BOTTOM OF THE 4TH
Bloomington Longnecks batting - Pitching for Salt Lake City Buzz : RHP Lorenzo López
Batting: RHB Bubba Blevins 0-0: Fly out, F9 (Flyball, 9LSF)
Batting: LHB José Ruíz 0-0: Called Strike
0-1: Foul Ball, location: 2F
0-2: Foul Ball, location: 2F
0-2: Ball
1-2: Foul Ball, location: 2F
1-2: Ground out U3 (Groundball, 3)
Batting: RHB Fernando Rivera 0-0: Ball
1-0: Ball
2-0: Ball
3-0: Called Strike
3-1: Foul Ball, location: 2F
3-2: Foul Ball, location: 2F
3-2: Foul Ball, location: 2F
3-2: Fly out, F9 (Flyball, 9D)
Bottom of the 4th over - 0 run(s), 0 hit(s), 0 error(s), 0 left on base; Salt Lake City 4 - Bloomington 0
TOP OF THE 5TH
Salt Lake City Buzz batting - Pitching for Bloomington Longnecks : RHP Fernando Ramírez
Batting: RHB Justin MacPherson 0-0: Ball
1-0: Called Strike
1-1: SINGLE (Line Drive, 78S)
Batting: RHB Jung-hwan Kwon 0-0: Called Strike
0-1: Grounds into double play, 5-4-3 (Groundball, 56)
Batting: RHB Vicente Cruz 0-0: Ball
1-0: Foul Ball, location: 2F
1-1: Ball
2-1: TRIPLE (Line Drive, 9LS)
Batting: SHB Carlton Reed 0-0: Foul Ball, location: 2F
0-1: Ball
1-1: Ground out U3 (Groundball, 34)
Top of the 5th over - 0 run(s), 2 hit(s), 0 error(s), 1 left on base; Salt Lake City 4 - Bloomington 0
BOTTOM OF THE 5TH
Bloomington Longnecks batting - Pitching for Salt Lake City Buzz : RHP Lorenzo López
Batting: LHB Adrián Gómez 0-0: Called Strike
0-1: Ground out 4-3 (Groundball, 4)
Batting: RHB Raúl Robles 0-0: Called Strike
0-1: Called Strike
0-2: Foul Ball, location: 2F
0-2: Fly out, F9 (Flyball, 89S)
Batting: SHB Eugene Bentley 0-0: Called Strike
0-1: Ball
1-1: Called Strike
1-2: Strikes out swinging
Bottom of the 5th over - 0 run(s), 0 hit(s), 0 error(s), 0 left on base; Salt Lake City 4 - Bloomington 0
TOP OF THE 6TH
Salt Lake City Buzz batting - Pitching for Bloomington Longnecks : RHP Fernando Ramírez
Batting: RHB Alan Rosales 0-0: Ball
1-0: Ground out U3 (Groundball, 34)
Batting: RHB Daryl Moran 0-0: Ball
1-0: Ball
2-0: Ball
3-0: Base on Balls
Batting: RHB Adrian Rodgers 0-0: Fly out, F9 (Flyball, 9S)
Batting: LHB Roberto Soto 0-0: Ball
1-0: Ball
2-0: Ball
3-0: Base on Balls
Daryl Moran to second
Batting: SHB Wayne Saunders 0-0: Called Strike
0-1: Ball
1-1: Foul Ball, location: 2F
1-2: Foul Ball, location: 2F
1-2: Strikes out swinging
Top of the 6th over - 0 run(s), 0 hit(s), 0 error(s), 2 left on base; Salt Lake City 4 - Bloomington 0
BOTTOM OF THE 6TH
Bloomington Longnecks batting - Pitching for Salt Lake City Buzz : RHP Lorenzo López
Batting: SHB Adrián Pueblo 0-0: Ball
1-0: Reached on error, E9 (Line Drive, 9)
Batting: RHB Sergio Cortéz 0-0: Ball
1-0: Fly out, F9 (Flyball, 9LM)
Batting: LHB Gabriel Díaz 0-0: Fielders Choice at 2nd, 4-6 (Groundball, 34)
Batting: RHB Bubba Blevins 0-0: Called Strike
0-1: Ball
Gabriel Díaz is caught stealing 2nd base
Bottom of the 6th over - 0 run(s), 0 hit(s), 1 error(s), 0 left on base; Salt Lake City 4 - Bloomington 0
TOP OF THE 7TH
Salt Lake City Buzz batting - Pitching for Bloomington Longnecks : RHP Fernando Ramírez
Batting: RHB Justin MacPherson 0-0: Fly out, F6 (Line Drive, 6)
Batting: RHB Jung-hwan Kwon 0-0: SINGLE (Groundball, 5D)
Batting: RHB Vicente Cruz 0-0: Fly out, F7 (Flyball, 7LD)
Batting: SHB Carlton Reed 0-0: Called Strike
0-1: Ball
1-1: Ball
2-1: Ball
3-1: Called Strike
3-2: Foul Ball, location: 2F
3-2: Base on Balls
Jung-hwan Kwon to second
Batting: RHB Alan Rosales 0-0: Ball
1-0: DOUBLE (Groundball, 5L)
Jung-hwan Kwon scores
Carlton Reed to third
Batting: RHB Daryl Moran 0-0: Called Strike
0-1: Ball
1-1: Foul Ball, location: 2F
1-2: Strikes out looking
Top of the 7th over - 1 run(s), 2 hit(s), 0 error(s), 2 left on base; Salt Lake City 5 - Bloomington 0
BOTTOM OF THE 7TH
Bloomington Longnecks batting - Pitching for Salt Lake City Buzz : RHP Lorenzo López
Batting: RHB Bubba Blevins 0-0: Ball
1-0: Ground out 5-3 (Groundball, 56)
Batting: LHB José Ruíz 0-0: Ball
1-0: Called Strike
1-1: Called Strike
1-2: Ball
2-2: Ball
3-2: Foul Ball, location: 2F
3-2: Fly out, F9 (Flyball, 9D)
Batting: RHB Fernando Rivera 0-0: Ball
1-0: Foul Ball, location: 2F
1-1: Ball
2-1: Foul Ball, location: 2F
2-2: Ball
3-2: Fly out, F2 (Popup, 23)
Bottom of the 7th over - 0 run(s), 0 hit(s), 0 error(s), 0 left on base; Salt Lake City 5 - Bloomington 0
TOP OF THE 8TH
Salt Lake City Buzz batting - Pitching for Bloomington Longnecks : RHP Fernando Ramírez
Batting: RHB Adrian Rodgers 0-0: SINGLE (Groundball, 4MD)
Batting: LHB Roberto Soto 0-0: Swinging Strike
0-1: Ball
1-1: Fly out, F8 (Flyball, 8RXD)
Pitching: LHP Dale Stevens
Batting: SHB Wayne Saunders 0-0: Swinging Strike
0-1: Ball
1-1: Foul Ball, location: 2F
1-2: Strikes out swinging
Batting: RHB Justin MacPherson 0-0: Ball
1-0: Ground out 1-3 (Groundball, P)
Top of the 8th over - 0 run(s), 1 hit(s), 0 error(s), 1 left on base; Salt Lake City 5 - Bloomington 0
BOTTOM OF THE 8TH
Bloomington Longnecks batting - Pitching for Salt Lake City Buzz : RHP Lorenzo López
Pitching: RHP Jim Unknown
Batting: LHB Adrián Gómez 0-0: Ball
1-0: Called Strike
1-1: Ball
2-1: Ball
3-1: Ground out 6-3 (Groundball, 6M)
Batting: RHB Raúl Robles 0-0: SINGLE (Groundball, 56D)
Batting: SHB Eugene Bentley 0-0: Ball
1-0: Ball
2-0: Called Strike
2-1: Ball
3-1: Base on Balls
Raúl Robles to second
Batting: SHB Adrián Pueblo 0-0: Ball
1-0: Swinging Strike
1-1: SINGLE (Groundball, 6MS) (infield hit)
Raúl Robles to third
Eugene Bentley to second
Pitching: RHP Powell Horne
Batting: RHB Sergio Cortéz 0-0: Hit by Pitch
Raúl Robles scores
Eugene Bentley to third
Adrián Pueblo to second
Batting: LHB Gabriel Díaz 0-0: Foul Ball, location: 2F
0-1: Foul Ball, location: 2F
0-2: Foul Ball, location: 2F
0-2: Fly out, F9 (Flyball, 89M)
Runner from 3rd tags up, SCORES, throw made
Batting: RHB Bubba Blevins 0-0: DOUBLE (Flyball, 78XD)
Adrián Pueblo scores
Sergio Cortéz to third
Runner from 3rd tries for Home, SAFE, no throw
Batting: LHB José Ruíz 0-0: Called Strike
0-1: Ball
1-1: Foul Ball, location: 2F
1-2: DOUBLE (Line Drive, 78D)
Bubba Blevins scores
Batting: RHB Fernando Rivera 0-0: Ball
1-0: Foul Ball, location: 2F
1-1: Ground out 1-3 (Groundball, 23)
Bottom of the 8th over - 5 run(s), 4 hit(s), 0 error(s), 1 left on base; Salt Lake City 5 - Bloomington 5
TOP OF THE 9TH
Salt Lake City Buzz batting - Pitching for Bloomington Longnecks : LHP Dale Stevens
Pitching: RHP Enrique López
Batting: RHB Jung-hwan Kwon 0-0: Ball
1-0: Ball
2-0: Ground out 5-3 (Groundball, 56)
Pinch Hitting: LHB Valentín Salas 0-0: Ball
1-0: Foul Ball, location: 2F
1-1: Called Strike
1-2: Ground out 4-3 (Groundball, 4)
Batting: SHB Carlton Reed 0-0: Swinging Strike
0-1: Fly out, F2 (Popup, 2L)
Top of the 9th over - 0 run(s), 0 hit(s), 0 error(s), 0 left on base; Salt Lake City 5 - Bloomington 5
BOTTOM OF THE 9TH
Bloomington Longnecks batting - Pitching for Salt Lake City Buzz : RHP Powell Horne
Now at 2B: Valentín Salas
Batting: LHB Adrián Gómez 0-0: Ball
1-0: Fly out, F6 (Popup, 56D)
Batting: RHB Raúl Robles 0-0: Fly out, F8 (Line Drive, 78M)
Batting: SHB Eugene Bentley 0-0: Called Strike
0-1: Called Strike
0-2: Ball
1-2: Ground out 3-1 (Groundball, 34S)
Bottom of the 9th over - 0 run(s), 0 hit(s), 0 error(s), 0 left on base; Salt Lake City 5 - Bloomington 5
TOP OF THE 10TH
Salt Lake City Buzz batting - Pitching for Bloomington Longnecks : RHP Enrique López
Batting: RHB Alan Rosales 0-0: Ground out 1-3 (Groundball, P)
Batting: RHB Daryl Moran 0-0: Fly out, F8 (Flyball, 8RS)
Batting: RHB Adrian Rodgers 0-0: Called Strike
0-1: Called Strike
0-2: Ball
1-2: Foul Ball, location: 2F
1-2: Fly out, F8 (Flyball, 8LD)
Top of the 10th over - 0 run(s), 0 hit(s), 0 error(s), 0 left on base; Salt Lake City 5 - Bloomington 5
BOTTOM OF THE 10TH
Bloomington Longnecks batting - Pitching for Salt Lake City Buzz : RHP Powell Horne
Batting: SHB Adrián Pueblo 0-0: Swinging Strike
0-1: Ball
1-1: Ball
2-1: Foul Ball, location: 2F
2-2: Ball
3-2: Base on Balls
Pitching: LHP An Jang-Yop
Pinch Hitting: RHB Raúl Delgado 0-0: Bunted foul
0-1: Sac Bunt - play at first, batter OUT! 1-4
Adrián Pueblo to second
Batting: LHB Gabriel Díaz 0-0: TRIPLE (Line Drive, 8RM)
Adrián Pueblo scores
Monday, March 20th, 2017 - OOTP Baseball 17.12 Build 75